 Dungeon Crawl Stone Soup version 0.29-a0-885-gb26ba3297d (webtiles) character file.

Game seed: 2614500941636157303

107 jimonade the Sneak (level 5, 0/30 (31) HPs)
             Began as a Kobold Brigand on July 21, 2022.
             Slain by a hell rat (9 damage)
             ... in a sewer.
             The game lasted 00:04:59 (2407 turns).

jimonade the Sneak (Kobold Brigand)                 Turns: 2407, Time: 00:04:59

HP:   0/30 (31)     AC: 10    Str:  9    XL:     5   Next: 11%
MP:   5/5           EV: 14    Int: 12    God:
Gold: 67            SH:  0    Dex: 18    Spells: 4/4 levels left

rFire   . . .      SeeInvis .   a - +2 dagger
rCold   . . .      Faith    .   (no shield)
rNeg    . . .      Spirit   .   v - +0 leather armour
rPois   +          Reflect  .   (no helmet)
rElec   .          Harm     .   c - +0 cloak
rCorr   .          Rampage  .   n - +0 pair of gloves
Will    .....                   y - +0 pair of boots
Stlth   +++++.....              q - amulet of magic regeneration
HPRegen 0.10/turn               j - ring of poison resistance
MPRegen 0.49/turn               t - +4 ring of protection

@: lightly drained
A: small, no large weapons, nightstalker 3
a: no special abilities


You were in a sewer.
You visited 1 branch of the dungeon, and saw 3 of its levels.
You also visited: Sewer.

You collected 67 gold pieces.

Inventory:

Hand Weapons
 a - a +2 dagger (weapon)
 b - a +0 sling
 m - a +0 vampiric dagger
Missiles
 d - 13 poisoned darts (quivered)
 e - 3 curare-tipped darts
Armour
 c - a +0 cloak (worn)
 k - a +0 robe
 n - a +0 pair of gloves (worn)
 v - a +0 leather armour (worn)
 y - a +0 pair of boots (worn)
Jewellery
 j - a ring of poison resistance (left hand)
 q - an amulet of magic regeneration (around neck)
 r - a ring of protection from fire
 t - a +4 ring of protection (right hand)
 u - a ring of ice
Scrolls
 g - a scroll of amnesia
 i - 2 scrolls of identify
Potions
 f - a potion of ambrosia {unknown}
 h - a potion of flight {unknown}
 l - 2 potions of curing
 p - 2 potions of heal wounds {unknown}
 s - 2 potions of lignification {unknown}
 x - a potion of magic {unknown}


   Skills:
 + Level 2.3 Fighting
 + Level 3.5 Short Blades
 - Level 2.1 Throwing
 + Level 1.7 Dodging
 * Level 7.7 Stealth
 * Level 0.1 Spellcasting


You had 4 spell levels left.
You didn't know any spells.
Your spell library was empty.

Dungeon Overview and Level Annotations

Branches:
Dungeon (3/15)              Sewer (1/1)

Altars:
Kikubaaqudgha
Xom

Shops:
D:1 (*!


Innate Abilities, Weirdness & Mutations

You are small and have problems with some larger weapons.
You are completely attuned to the shadows.


Message History

The hell rat is heavily wounded.
The hell rat barely misses you.
You closely miss the hell rat.
The hell rat is heavily wounded.
The rat barely misses you.
The hell rat bites you but does no damage.
You hit the hell rat but do no damage.
The hell rat is heavily wounded.
The hell rat bites you! The rat misses you.
You are too injured to fight recklessly!
You are too injured to fight recklessly!
You are too injured to fight recklessly!
You are too injured to fight recklessly!
You are too injured to fight recklessly!
You closely miss the hell rat.
The hell rat is heavily wounded.
The hell rat splashes around in the water.
The rat closely misses you.
You barely miss the hell rat.
The hell rat is heavily wounded.
The hell rat closely misses you. The rat closely misses you.
You closely miss the hell rat.
The hell rat is heavily wounded.
The hell rat splashes around in the water.
The rat bites you.
* * * LOW HITPOINT WARNING * * *
You hit the hell rat but do no damage.
The hell rat is heavily wounded.
The hell rat splashes around in the water.
You barely miss the hell rat.
The hell rat is heavily wounded.
The rat misses you.
The hell rat splashes around in the water.
You hit the hell rat.
The hell rat is severely wounded.
The rat barely misses you. The hell rat closely misses you.
You hit the hell rat.
The hell rat is severely wounded.
The hell rat bites you!
You die...

##
##.≈##.##≈≈##
#..≈#...#≈..#
#..##?≈≈##..#
#≈≈#!!≈r@#≈.#
#∩∩#∩!≈≈≈r≈≈#
#≈.#!?≈≈≈#≈≈#
#..##?≈≈##..#
#≈≈.#≈≈≈#≈.≈#
##≈≈##.##.≈##
#≈≈≈###≈≈.#
##.≈÷....##
#≈..÷≈≈.#


You could see a hell rat and a rat.

Vanquished Creatures
  A gnoll (D:1)
  3 adders (D:2)
  A river rat (Sewer)
  A worm (D:2)
  A dart slug (D:2)
  3 ball pythons
  6 endoplasms
  5 giant cockroaches
  2 goblins (D:2)
  5 hobgoblins
  6 jackals (D:1)
  5 kobolds
  4 bats (D:2)
  A frilled lizard (D:1)
  11 rats
55 creatures vanquished.

Vanquished Creatures (others)
  8 plants (D:1)
8 creatures vanquished.

Grand Total: 63 creatures vanquished

Notes
Turn   | Place    | Note
-------+----------+-------------------------------------------
     0 | D:1      | jimonade the Kobold Brigand began the quest for the Orb.
     0 | D:1      | Reached XP level 1. HP: 12/12 MP: 1/1
   174 | D:1      | Reached XP level 2. HP: 17/17 MP: 2/2
   178 | D:1      | Found Vyupueck's Assorted Antiques.
   309 | D:1      | Found Fojyf's Distillery.
   353 | D:1      | Reached skill level 6 in Stealth
   522 | D:1      | Reached XP level 3. HP: 15/21 MP: 3/3
   641 | D:1      | Found a faded altar of an unknown god.
  1064 | D:1      | Found Torof's Weapon Shoppe.
  1223 | D:2      | Reached XP level 4. HP: 27/27 MP: 4/4
  1255 | D:2      | Reached skill level 7 in Stealth
  1553 | D:2      | Found an ancient bone altar of Kikubaaqudgha.
  2032 | D:3      | Found a shimmering altar of Xom.
  2073 | D:3      | Found a glowing drain.
  2096 | Sewer    | Entered a sewer
  2108 | Sewer    | Reached XP level 5. HP: 30/31 MP: 5/5
  2407 | Sewer    | Slain by a hell rat

Illustrated notes

Levels and vault maps discovered:
D:1:      psy_arrival_fountain, layout_loops_ring,
          ebering_ecumenical_altar_webs, serial_shops, nicolae_diamond_shop,
          nicolae_shop_temple_entry_statues_fountains, nicolae_shop_crystal,
          serial_bayou, serial_bayou_pond_a, serial_bayou_lagoon_b,
          serial_bayou_pond_a, serial_bayou_ford_a
D:2:      layout_loops_cross, basic_altar, minivault_14
D:3:      layout_loops_cross, mainiacjoe_overflow_catwalk,
          mainiacjoe_overflow_brackets, portal_sewer_entry_a,
          nicolae_shop_vocational
Sewer:    sewer_hellmonk_bad_rat

Skill      XL: |  1  2  3  4 |
---------------+-------------+-----
Stealth        | 6 7 |  7.7
Short Blades   | 3 |  3.5
Fighting       | |  2.3
Throwing       | |  2.1
Dodging        | |  1.7
Spellcasting   | |  0.1

Action                   |  1- 3 |  4- 6 || total
-------------------------+-------+-------++-------
Melee: Dagger            |    48 |   124 ||   172
       Punch             |       |     1 ||     1
  Use: Scroll            |       |     5 ||     5
 Stab: Sleeping          |    16 |    13 ||    29
Armor: Robe              |     1 |    14 ||    15
       Leather armour    |       |    24 ||    24
Dodge: Dodged            |    25 |    78 ||   103

Table legend: (Time is in decaauts)
 A = Elapsed time spent in this place.
 B = Non-inter-level travel time spent in this place.
 C = Inter-level travel time spent in this place.
 D = Time resting spent in this place.
 E = Time spent auto-exploring this place.
 F = Levels seen in this place.
 G = Mean time per level.
                   A        B        C        D        E       F      G
               +--------+--------+--------+--------+--------+-----+--------+
         Total |   2439 |   2385 |     54 |    220 |   1684 |   4 |  609.8 |
       Dungeon |   2128 |   2074 |     54 |      0 |   1672 |   3 |  709.3 |
         Sewer |    310 |    310 |      0 |    220 |     11 |   1 |  310.0 |
               +--------+--------+--------+--------+--------+-----+--------+

Top non-repeatable levels by time:
     D:1: 1179 daAuts
     D:2: 824 daAuts
   Sewer: 310 daAuts
     D:3: 124 daAuts
